NCAA
ILLINOIS FIGHTING ILLINI @ FLORIDA GATORS
04/23/2024
 
TOP OF THE 1ST
Illinois Fighting Illini batting - Pitching for Florida Gators : LHP Billy Davis
Pitching: LHP Billy Davis
Batting: RHB Michael Jones 0-0: Ball
1-0: Ball
2-0: Called Strike
2-1: Foul Ball, location: 2F
2-2: Ball
3-2: Foul Ball, location: 2F
3-2: Foul Ball, location: 2F
3-2: Foul Ball, location: 2F
3-2: Base on Balls
Batting: RHB Brandon Berry 0-0: Ball
1-0: 2-RUN HOME RUN (Line Drive, 7D), Distance : 363 ft
Batting: RHB Clinton Barton 0-0: Ground out U3 (Groundball, 3)
Batting: RHB Buddy Griffin 0-0: Ball
1-0: Ground out 4-3 (Groundball, 4)
Batting: SHB Jared McNayer 0-0: Ground out 4-3 (Groundball, 4M)
Top of the 1st over - 2 run(s), 1 hit(s), 0 error(s), 0 left on base; Illinois 2 - Florida 0
BOTTOM OF THE 1ST
Florida Gators batting - Pitching for Illinois Fighting Illini : LHP Jerry Martin
Pitching: LHP Jerry Martin
Batting: LHB Jeff Fountain 0-0: Ball
1-0: Ball
2-0: Ball
3-0: Foul Ball, location: 2F
3-1: Foul Ball, location: 2F
3-2: Strikes out swinging
Batting: RHB Joe Richardson 0-0: Ball
1-0: Foul Ball, location: 2F
1-1: Foul Ball, location: 2F
1-2: Strikes out looking
Batting: LHB Mark Strong 0-0: Foul Ball, location: 2F
0-1: Foul Ball, location: 2F
0-2: Strikes out swinging
Bottom of the 1st over - 0 run(s), 0 hit(s), 0 error(s), 0 left on base; Illinois 2 - Florida 0
TOP OF THE 2ND
Illinois Fighting Illini batting - Pitching for Florida Gators : LHP Billy Davis
Batting: RHB Benoît Vigneault 0-0: Ball
1-0: Ball
2-0: SINGLE (Line Drive, 5)
Batting: RHB Aaron Murray 0-0: Ball
1-0: Fly out, F4 (Popup, 3D)
Batting: LHB Joe Alexander 0-0: Called Strike
0-1: Swinging Strike
0-2: Ball
1-2: Strikes out swinging
Batting: LHB Steven Fox 0-0: Called Strike
0-1: Ball
1-1: Ball
2-1: SINGLE (Line Drive, 6D)
Benoît Vigneault to second
Batting: RHB Michael Jones 0-0: Ball
1-0: Called Strike
1-1: Fly out, F9 (Flyball, 9S)
Top of the 2nd over - 0 run(s), 2 hit(s), 0 error(s), 2 left on base; Illinois 2 - Florida 0
BOTTOM OF THE 2ND
Florida Gators batting - Pitching for Illinois Fighting Illini : LHP Jerry Martin
Batting: RHB Mario Solís 0-0: Ground out 4-3 (Groundball, 13)
Batting: LHB Juan Torres 0-0: Called Strike
0-1: Ball
1-1: Called Strike
1-2: Strikes out looking
Batting: RHB Larry Kennedy 0-0: Ball
1-0: Ball
2-0: Foul Ball, location: 2F
2-1: Ball
3-1: Swinging Strike
3-2: Strikes out looking
Bottom of the 2nd over - 0 run(s), 0 hit(s), 0 error(s), 0 left on base; Illinois 2 - Florida 0
TOP OF THE 3RD
Illinois Fighting Illini batting - Pitching for Florida Gators : LHP Billy Davis
Batting: RHB Brandon Berry 0-0: Ball
1-0: Called Strike
1-1: Ball
2-1: Foul Ball, location: 2F
2-2: Foul Ball, location: 2F
2-2: Strikes out swinging
Batting: RHB Clinton Barton 0-0: Called Strike
0-1: Ball
1-1: Ball
2-1: SOLO HOME RUN (Flyball, 8LXD), Distance : 401 ft
Batting: RHB Buddy Griffin 0-0: Ball
1-0: Ball
2-0: Called Strike
2-1: DOUBLE (Line Drive, 7LM)
Batting: SHB Jared McNayer 0-0: Ball
1-0: Ball
2-0: Ground out 4-3 (Groundball, 4M)
Buddy Griffin to third
Batting: RHB Benoît Vigneault 0-0: Ball
1-0: Foul Ball, location: 2F
1-1: TRIPLE (Line Drive, 3L)
Buddy Griffin scores
Batting: RHB Aaron Murray 0-0: Ball
1-0: Ball
2-0: Ball
3-0: Base on Balls
Batting: LHB Joe Alexander 0-0: Ball
1-0: Ball
2-0: Foul Ball, location: 2F
2-1: Ball
3-1: Called Strike
3-2: Strikes out swinging
Top of the 3rd over - 2 run(s), 3 hit(s), 0 error(s), 2 left on base; Illinois 4 - Florida 0
BOTTOM OF THE 3RD
Florida Gators batting - Pitching for Illinois Fighting Illini : LHP Jerry Martin
Batting: RHB Barry Murphy 0-0: Ball
1-0: Called Strike
1-1: Swinging Strike
1-2: Strikes out swinging
Batting: RHB Johnny MacNamara 0-0: Swinging Strike
0-1: Ball
1-1: SINGLE (Groundball, 34D)
Batting: SHB Leroy Sibbald 0-0: SINGLE (Groundball, 34D)
Johnny MacNamara to second
Runner from 2nd tries for 3rd, SAFE, no throw or cutoff
Batting: LHB Jeff Fountain 0-0: Called Strike
0-1: Called Strike
0-2: Ball
1-2: Strikes out swinging
Batting: RHB Joe Richardson 0-0: Called Strike
0-1: Ball
1-1: Foul Ball, location: 2F
1-2: Ball
Leroy Sibbald steals 2nd base
2-2: Foul Ball, location: 2F
2-2: Strikes out looking
Bottom of the 3rd over - 0 run(s), 2 hit(s), 0 error(s), 2 left on base; Illinois 4 - Florida 0
TOP OF THE 4TH
Illinois Fighting Illini batting - Pitching for Florida Gators : LHP Billy Davis
Batting: LHB Steven Fox 0-0: Ball
1-0: Ball
2-0: Ball
3-0: Base on Balls
Batting: RHB Michael Jones 0-0: Ball
1-0: Foul Ball, location: 2F
1-1: Ball
2-1: Swinging Strike
2-2: Strikes out swinging
Batting: RHB Brandon Berry 0-0: Fly out, F6 (Popup, 56D)
Batting: RHB Clinton Barton 0-0: Called Strike
0-1: Ball
1-1: Fly out, F9 (Flyball, 9S)
Top of the 4th over - 0 run(s), 0 hit(s), 0 error(s), 1 left on base; Illinois 4 - Florida 0
BOTTOM OF THE 4TH
Florida Gators batting - Pitching for Illinois Fighting Illini : LHP Jerry Martin
Batting: LHB Mark Strong 0-0: Ball
1-0: Ball
2-0: Fly out, F7 (Popup, 8LS)
Batting: RHB Mario Solís 0-0: Called Strike
0-1: Foul Ball, location: 2F
0-2: SINGLE (Groundball, 6M)
Batting: LHB Juan Torres 0-0: Ball
1-0: Ball
2-0: Ball
3-0: Base on Balls
Mario Solís to second
Batting: RHB Larry Kennedy 0-0: Ball
1-0: Ball
2-0: Grounds into double play, 5-4-3 (Groundball, 5)
Bottom of the 4th over - 0 run(s), 1 hit(s), 0 error(s), 1 left on base; Illinois 4 - Florida 0
TOP OF THE 5TH
Illinois Fighting Illini batting - Pitching for Florida Gators : LHP Billy Davis
Batting: RHB Buddy Griffin 0-0: Called Strike
0-1: Ball
1-1: Swinging Strike
1-2: SINGLE (Line Drive, 78M)
Batting: SHB Jared McNayer 0-0: Fly out, F8 (Flyball, 8RM)
Batting: RHB Benoît Vigneault 0-0: Called Strike
0-1: Ground out 5-3 (Groundball, 5S)
Buddy Griffin to second
Pitching: LHP Curt Mitchell
Batting: RHB Aaron Murray 0-0: Ball
1-0: Ball
2-0: Ball
3-0: Called Strike
3-1: 2-RUN HOME RUN (Flyball, 7D), Distance : 367 ft
Batting: LHB Joe Alexander 0-0: Ball
1-0: Swinging Strike
1-1: Foul Ball, location: 2F
1-2: Ball
2-2: Strikes out looking
Top of the 5th over - 2 run(s), 2 hit(s), 0 error(s), 0 left on base; Illinois 6 - Florida 0
BOTTOM OF THE 5TH
Florida Gators batting - Pitching for Illinois Fighting Illini : LHP Jerry Martin
Batting: RHB Barry Murphy 0-0: Foul Ball, location: 2F
0-1: Foul Ball, location: 2F
0-2: Ball
1-2: Foul Ball, location: 2F
1-2: Strikes out looking
Batting: RHB Johnny MacNamara 0-0: Called Strike
0-1: Swinging Strike
0-2: Ball
1-2: Strikes out swinging
Batting: SHB Leroy Sibbald 0-0: Swinging Strike
0-1: Ball
1-1: Ball
2-1: Ball
3-1: Base on Balls
Batting: LHB Jeff Fountain 0-0: Fly out, F8 (Flyball, 8LM)
Bottom of the 5th over - 0 run(s), 0 hit(s), 0 error(s), 1 left on base; Illinois 6 - Florida 0
TOP OF THE 6TH
Illinois Fighting Illini batting - Pitching for Florida Gators : LHP Curt Mitchell
Batting: LHB Steven Fox 0-0: Called Strike
0-1: SINGLE (Groundball, 4MD)
Batting: RHB Michael Jones 0-0: Ball
Steven Fox is caught stealing 2nd base
1-0: Swinging Strike
1-1: Foul Ball, location: 2F
1-2: Ball
2-2: Strikes out looking
Batting: RHB Brandon Berry 0-0: Ball
1-0: Foul Ball, location: 2F
1-1: Fly out, F8 (Flyball, 78D)
Top of the 6th over - 0 run(s), 1 hit(s), 0 error(s), 0 left on base; Illinois 6 - Florida 0
BOTTOM OF THE 6TH
Florida Gators batting - Pitching for Illinois Fighting Illini : LHP Jerry Martin
Batting: RHB Joe Richardson 0-0: Ball
1-0: Ball
2-0: Foul Ball, location: 2F
2-1: Swinging Strike
2-2: Ground out 3-1 (Groundball, 3)
Batting: LHB Mark Strong 0-0: Ball
1-0: Ball
2-0: Ball
3-0: Called Strike
3-1: Foul Ball, location: 2F
3-2: Foul Ball, location: 2F
3-2: Foul Ball, location: 2F
3-2: Fly out, F8 (Flyball, 8RD)
Batting: RHB Mario Solís 0-0: Fly out, F8 (Line Drive, 8LS)
Bottom of the 6th over - 0 run(s), 0 hit(s), 0 error(s), 0 left on base; Illinois 6 - Florida 0
TOP OF THE 7TH
Illinois Fighting Illini batting - Pitching for Florida Gators : LHP Curt Mitchell
Batting: RHB Clinton Barton 0-0: Ball
1-0: Ball
2-0: Ground out 3-1 (Groundball, 34S)
Batting: RHB Buddy Griffin 0-0: Called Strike
0-1: Ball
1-1: SINGLE (Groundball, 4M)
Batting: SHB Jared McNayer 0-0: Ball
1-0: Fielders Choice at 2nd, 6-4 (Groundball, 56)
Batting: RHB Benoît Vigneault 0-0: Ball
1-0: SINGLE (Line Drive, 56)
Jared McNayer to second
Batting: RHB Aaron Murray 0-0: Called Strike
0-1: SINGLE (Groundball, 56D) (infield hit)
Jared McNayer to third
Benoît Vigneault to second
Batting: LHB Joe Alexander 0-0: Called Strike
0-1: Called Strike
0-2: Strikes out swinging
Top of the 7th over - 0 run(s), 3 hit(s), 0 error(s), 3 left on base; Illinois 6 - Florida 0
BOTTOM OF THE 7TH
Florida Gators batting - Pitching for Illinois Fighting Illini : LHP Jerry Martin
Pitching: RHP Duane Grady
Batting: LHB Juan Torres 0-0: Ball
1-0: Called Strike
1-1: Foul Ball, location: 2F
1-2: Ball
2-2: Foul Ball, location: 2F
2-2: Foul Ball, location: 2F
2-2: Fly out, F5 (Line Drive, 56)
Batting: RHB Larry Kennedy 0-0: SOLO HOME RUN (Flyball, 78XD), Distance : 364 ft
Batting: RHB Barry Murphy 0-0: Ball
1-0: Ball
2-0: Swinging Strike
2-1: Swinging Strike
2-2: Foul Ball, location: 2F
2-2: Fly out, F9 (Flyball, 9S)
Batting: RHB Johnny MacNamara 0-0: Called Strike
0-1: Called Strike
0-2: Strikes out swinging
Bottom of the 7th over - 1 run(s), 1 hit(s), 0 error(s), 0 left on base; Illinois 6 - Florida 1
TOP OF THE 8TH
Illinois Fighting Illini batting - Pitching for Florida Gators : LHP Curt Mitchell
Batting: LHB Steven Fox 0-0: Ball
1-0: Ball
2-0: Ball
3-0: Called Strike
3-1: SINGLE (Line Drive, 56)
Pitching: RHP Michael Short
Batting: RHB Michael Jones 0-0: Ball
1-0: Swinging Strike
1-1: Swinging Strike
1-2: Strikes out swinging
Batting: RHB Brandon Berry 0-0: Ball
1-0: Foul Ball, location: 2F
1-1: Called Strike
1-2: Ball
2-2: Strikes out swinging
Batting: RHB Clinton Barton 0-0: Ball
Steven Fox steals 2nd base
1-0: Fly out, F6 (Popup, 6MS)
Top of the 8th over - 0 run(s), 1 hit(s), 0 error(s), 1 left on base; Illinois 6 - Florida 1
BOTTOM OF THE 8TH
Florida Gators batting - Pitching for Illinois Fighting Illini : RHP Duane Grady
Batting: SHB Leroy Sibbald 0-0: Ball
1-0: Swinging Strike
1-1: Ball
2-1: SINGLE (Line Drive, 8RS)
Batting: LHB Jeff Fountain 0-0: Ball
1-0: Foul Ball, location: 2F
1-1: Called Strike
1-2: Fly out, F8 (Flyball, 8RM)
Batting: RHB Joe Richardson 0-0: Ball
1-0: Called Strike
1-1: Foul Ball, location: 2F
1-2: Grounds into double play, 1-6-3 (Groundball, 15)
Bottom of the 8th over - 0 run(s), 1 hit(s), 0 error(s), 0 left on base; Illinois 6 - Florida 1
TOP OF THE 9TH
Illinois Fighting Illini batting - Pitching for Florida Gators : RHP Michael Short
Batting: RHB Buddy Griffin 0-0: SOLO HOME RUN (Flyball, 7D), Distance : 370 ft
Batting: SHB Jared McNayer 0-0: Foul Ball, location: 2F
0-1: Ball
1-1: Called Strike
1-2: Ball
2-2: Ground out 3-1 (Groundball, 34)
Batting: RHB Benoît Vigneault 0-0: Ball
1-0: Ball
2-0: Ball
3-0: Base on Balls
Batting: RHB Aaron Murray 0-0: Fly out, F8 (Flyball, 8RD)
Batting: LHB Joe Alexander 0-0: Ball
Wild Pitch!
Benoît Vigneault to second
1-0: Ball
2-0: Called Strike
2-1: Ball
3-1: Foul Ball, location: 2F
3-2: Base on Balls
Batting: LHB Steven Fox 0-0: Called Strike
0-1: Called Strike
0-2: Ball
1-2: Strikes out swinging
Top of the 9th over - 1 run(s), 1 hit(s), 0 error(s), 2 left on base; Illinois 7 - Florida 1
BOTTOM OF THE 9TH
Florida Gators batting - Pitching for Illinois Fighting Illini : RHP Duane Grady
Batting: LHB Mark Strong 0-0: Called Strike
0-1: Ground out 4-3 (Groundball, 34)
Batting: RHB Mario Solís 0-0: Called Strike
0-1: Called Strike
0-2: Strikes out swinging
Batting: LHB Juan Torres 0-0: Ball
1-0: Ball
2-0: Called Strike
2-1: Ball
3-1: Called Strike
3-2: Foul Ball, location: 2F
3-2: Base on Balls
Batting: RHB Larry Kennedy 0-0: Ball
1-0: Fly out, F8 (Flyball, 8LM)
Bottom of the 9th over - 0 run(s), 0 hit(s), 0 error(s), 1 left on base; Illinois 7 - Florida 1
This league is powered by Out of the Park Baseball, the baseball management simulation game for PC, Mac and Linux
Saturday, April 9th, 2016 - OOTP Baseball 16.8 Build 38